Map: Empire éternel EC

Players

LeFaucheur

  • Race: Zerg Zerg
  • League: Grandmaster
  • Spawn Location: 1:00

IA (très facile) - Winner!

  • Race: Terran Terran
  • Spawn Location: 7:00

VOD

Have the link to the VOD?

Description

Time

  • Played on: May 16, 2020, 12:15 p.m.
  • Length: 7:22
Show
View Real Time Build Order
Export as new Build Order

LeFaucheur Zerg 

Build Orders: Hatch First 

Get SALT Encoding   

  12  0:00  Drone  
  13  0:12  Overlord  
  13  0:16  Drone  
  14  0:30  Drone x2  
  16  0:48  Hatchery  
  15  0:52  Drone  
  15  0:56  Drone  
  17  1:00  Drone  
  18  1:10  Extractor  
  17  1:15  Spawning Pool  
  17  1:18  Drone  
  17  1:21  Drone  
  18  1:28  Drone  
  19  1:38  Drone  
  20  1:50  Overlord  
  20  2:01  Queen x2  
  20  2:02  Zergling x4  
  26  2:11  Drone  
  26  2:12  Drone  
  28  2:22  Drone x2  
  30  2:32  Overlord  
  30  2:33  Drone  
  31  2:37  Queen  
  31  2:39  Lair  
  34  2:44  Drone x2  
  34  2:50  Evolution Chamber  
  34  2:55  Drone x2  
  36  3:04  Roach Warren  
  35  3:05  Drone  
  35  3:06  Drone  
  35  3:09  Drone  
  35  3:10  Drone  
  35  3:12  Drone  
  40  3:17  Zerg Missile Weapons Level 1  
  40  3:24  Evolution Chamber, Drone x2  
  41  3:29  Drone x2  
  41  3:32  Overlord  
  43  3:35  Extractor  
  43  3:36  Extractor  
  43  3:38  Overlord  
  41  3:42  Drone  
  41  3:43  Drone  
  41  3:47  Glial Reconstitution  
  43  3:50  Drone  
  43  3:51  Drone x2  
  46  3:57  Drone  
  46  3:58  Drone x3  
  50  4:03  Overlord  
  50  4:13  Overlord  
  50  4:16  Roach  
  52  4:21  Roach x2  
  52  4:22  Roach x2  
  60  4:31  Hatchery  
  59  4:33  Roach  
  59  4:36  Roach  
  63  4:39  Roach  
  63  4:40  Roach  
  63  4:44  Overlord  
  67  4:47  Roach  
  67  4:48  Roach  
  71  4:53  Roach x2  
  71  4:56  Overlord  
  75  5:04  Roach x3  
  81  5:07  Overlord  
  81  5:09  Roach  
  83  5:15  Overlord  
  83  5:18  Drone x3  
  83  5:20  Drone  
  87  5:27  Drone  
  87  5:28  Drone  
  89  5:33  Ravager  
  91  5:35  Drone  
  91  5:36  Drone  
  91  5:38  Ravager  
  91  5:40  Drone  
  94  5:43  Extractor  
  94  5:45  Drone x3  
  96  5:51  Overlord  
  96  5:52  Drone x2  
  96  5:54  Drone  
  96  5:55  Drone x2  
  101  5:58  Drone x2  
  101  5:59  Drone  
  101  6:03  Ravager  
  105  6:04  Drone  
  105  6:06  Extractor  
  105  6:09  Drone  
  105  6:10  Extractor  
  105  6:12  Drone  
  105  6:15  Hydralisk Den  
  105  6:16  Drone x3  
  108  6:24  Overlord  
  108  6:26  Drone  
  108  6:27  Drone x2  
  108  6:28  Drone  
  112  6:35  Overlord x2  
  112  6:39  Hatchery  
  111  6:41  Overlord  
  111  6:42  Overlord  
  111  6:44  Hydralisk x2  
  111  6:45  Hydralisk  
  117  6:51  Hydralisk  
  117  6:52  Hydralisk  
  117  6:53  Hydralisk  
  123  6:58  Hydralisk x2  
  123  7:00  Drone  
  128  7:04  Infestation Pit  
Show
View Real Time Build Order
Export as new Build Order

IA (très facile) Terran - Winner!

Build Orders: Reaper Expand 

Get SALT Encoding   

  12  0:00  SCV  
  13  0:13  SCV  
  14  0:18  Supply Depot  
  14  0:42  Barracks  
  14  1:04  Command Center  
  14  1:31  Marine, Orbital Command, Supply Depot  
  15  1:37  Refinery  
  15  1:49  Refinery  
  15  1:56  SCV  
  16  2:08  SCV  
  17  2:17  Reaper  
  17  2:20  SCV  
  17  2:22  SCV  
  20  2:32  SCV  
  20  2:36  SCV  
  22  2:45  SCV  
  22  2:50  Refinery, SCV  
  24  2:58  SCV  
  25  3:00  Marine  
  25  3:05  SCV  
  27  3:12  SCV  
  28  3:15  Factory  
  28  3:38  Refinery  
  28  3:39  SCV  
  29  3:42  Marine  
  29  3:46  SCV  
  31  3:53  SCV  
  32  3:56  Supply Depot  
  32  4:00  Starport, SCV  
  33  4:07  SCV  
  34  4:15  SCV  
  35  4:22  SCV  
  36  4:26  Reaper  
  36  4:29  SCV  
  38  4:36  SCV  
  39  4:40  Starport Tech Lab, Supply Depot  
  39  4:43  SCV  
  40  4:50  SCV  
  41  4:58  SCV, Barracks Tech Lab  
  41  4:59  Raven  
  44  5:05  SCV  
  45  5:12  SCV  
  46  5:16  Marine  
  46  5:19  SCV  
  48  5:42  Raven  
  50  5:56  Hellion  
  51  5:58  Supply Depot  
  46  6:25  Hellion  
Tags
 
Add a new tag
Caveats
  • Supply blocks, unpowered buildings, or Contaminate may cause inaccurate times.
  • Supply counts are checked every 10 seconds.